Cogmind - Beta 15 @@@ ROGUE MODE // 2025.08.10 @ 18:13:23 // AFD2020/Player2 Player: bugsniper Result: Core destroyed Performance ------------- Evolutions (0) 0 Regions Visited (2) 400 Robots Destroyed (8) 40 Value Destroyed (161) 161 Prototype IDs (0) 0 Alien Tech Used (0) 0 Bonus (-243) -243 TOTAL SCORE: 358 Bonus ------- Follower Combat Kills 60 Friendly Fire -303 Cogmind --------- Core Integrity 0/250 Matter 200/300 Energy 125/125 System Corruption 0% Temperature Cool (0) Movement Treading (160) Location -10/Mines Parts ------- > --- POWER (1) -------- Light Ion Engine > --- PROPULSION (2) --- Light Treads Light Treads > --- UTILITY (2) ------ Small Storage Unit Hardened Light Armor Plating > --- WEAPON (2) ------- Improved Light Cannon Grenade Launcher > --- INVENTORY (8) ---- Wheel Hardened Light Armor Plating Improved Light Cannon Improved Light Cannon Improved Light Cannon Peak State ------------ > --- POWER ------------ Light Ion Engine > --- PROPULSION ------- Aluminum Leg Aluminum Leg > --- UTILITY ---------- Small Storage Unit Hardened Light Armor Plating > --- WEAPON ----------- Improved Light Cannon Improved Light Cannon > --- INVENTORY -------- Light Ion Engine Light Treads Light Treads Wheel Wheel Light Assault Rifle Improved Light Cannon Improved Light Cannon [Rating: 11] Favorites ----------- Power Light Ion Engine Engine Light Ion Engine Propulsion Aluminum Leg Treads Light Treads Leg Aluminum Leg Utility Small Storage Unit Storage Small Storage Unit Protection Hardened Light Armor Plating Weapon Improved Light Cannon Energy Gun Small Laser Ballistic Cannon Improved Light Cannon Launcher Grenade Launcher Build | -11 -10 -10 ------- Run | Yrd Mat Min Slots Evolved . | . . . Power . | . . . Propulsion . | . . . Utility . | . . . Weapon . | . . . Parts Attached 8 | . 3 5 Power 2 | . . 2 Engine 2 | . . 2 Core . | . . . Reactor . | . . . Propulsion 2 | . . 2 Treads 2 | . . 2 Leg . | . . . Wheel . | . . . Hover . | . . . Flight . | . . . Utility 1 | . 1 . Device . | . . . Storage . | . . . Processor . | . . . Hackware . | . . . Protection 1 | . 1 . Artifact . | . . . Weapon 3 | . 2 1 Energy Gun . | . . . Energy Cannon . | . . . Ballistic Gun . | . . . Ballistic Cannon 2 | . 2 . Launcher 1 | . . 1 Special Weapon . | . . . Impact Weapon . | . . . Slashing Weapon . | . . . Piercing Weapon . | . . . Special Melee Weapon . | . . . Unidentified Prototypes . | . . . Parts Lost 1 | . . 1 Power . | . . . Propulsion 1 | . . 1 Utility . | . . . Weapon . | . . . Highest Loss Streak 1 | . . 1 To Critical Strikes . | . . . Average Backups 7 | . 6 7 Power . | . 1 . Propulsion 3 | . 3 2 Utility . | . . 1 Weapon 2 | . 1 3 Tool/Special . | . . . Unused Backups 5 | . . 5 Power 2 | . . 2 Propulsion . | . . . Utility 1 | . . 1 Weapon 2 | . . 2 Tool/Special . | . . . Average Slot Usage (%) 98 | . 92 100 Engine 14 | . 14 14 Treads 1 | . . 2 Leg 26 | . 28 25 Storage 14 | . 14 14 Protection 12 | . 6 14 Energy Gun 3 | . 14 . Ballistic Cannon 23 | . 13 27 Peak Build Rating 11 | . 11 11 Average Rating 10 | . 8 10 On Entrance 7 | 6 6 11 Naked Turns . | . . . Heaviest Build 21 | 10 21 21 Greatest Support 40 | 20 20 40 Greatest Overweight (x) 1 | . 1 1 Average Overweight (x) . | . . . Largest Inventory Capacity 8 | . 8 8 Average Capacity 8 | . 8 8 Most Carried 8 | . 8 8 Average Carried 7 | . 6 7 Final Capacity 8 | 8 8 8 Final Carried 8 | 6 8 5 Class Distribution -------------------- 100% | Mutant Dominant Class ---------------- Mutant | -10/Materials Mutant | -10/Mines Resources | -11 -10 -10 ----------- Run | Yrd Mat Min Matter Collected 419 | 200 30 189 Remotely . | . . . Salvage Created 102 | . 35 67 Parts 10 | . 1 9 Haulers Intercepted . | . . . Recyclers Shooed . | . . . Parts Field Recycled . | . . . Retrieved Matter . | . . . Parts Self-Destructed . | . . . Prevented . | . . . Kills | -11 -10 -10 ------- Run | Yrd Mat Min Combat Hostiles Destroyed 14 | . 2 12 Guns 2 | . 2 . Cannons 3 | . . 3 AOE 9 | . . 9 Classes Destroyed 4 | . 1 3 Builder 1 | . . 1 Swarmer 5 | . 2 3 Demolisher 2 | . . 2 Assembled 7 | . . 7 Best Kill Streak 7 | . 2 7 Combat Bots Only 7 | . 2 7 Max Kills in Single Turn 2 | . 1 2 Gunslinging . | . . . Exploded 2 | . . 2 Melee . | . . . Uniques/NPCs Destroyed . | . . . Combat | -11 -10 -10 -------- Run | Yrd Mat Min Hostile Shots Fired 33 | . 6 27 Missed 5 | . . 5 Hits 28 | . 6 22 Projectile 28 | . 6 22 AOE 10 | . . 10 Critical Strikes 1 | . . 1 Damage Taken 605 | . 44 561 Core 90 | . 25 65 Absorbed by Shields . | . . . Core Remaining (%) 100 | 100 . . Volleys Fired 29 | . 4 25 Largest 2 | . 2 2 Hottest 80 | . 80 66 Shots Fired 46 | . 8 38 Gun 8 | . 8 . Cannon 26 | . . 26 Launcher 12 | . . 12 Special . | . . . Kinetic 26 | . . 26 Thermal 8 | . 8 . Explosive 12 | . . 12 Electromagnetic . | . . . Robot Hit Streak 3 | . 2 3 Robot Miss Streak 5 | . 3 5 Penetration Max . | . . . Secondary Targets . | . . . Shots Hit Robots 17 | . 3 14 Core Hits 31 | . 2 29 Critical Kills . | . . . Critical Parts Destroyed . | . . . Critical Strikes . | . . . Melee Attacks . | . . . Impact . | . . . Slashing . | . . . Piercing . | . . . Sneak Attacks . | . . . Combat Hostiles . | . . . Follow-up Attacks . | . . . Damage Inflicted 886 | . 35 851 Guns 35 | . 35 . Cannons 247 | . . 247 Explosions 604 | . . 604 Melee . | . . . Ramming . | . . . Kinetic 247 | . . 247 Thermal 35 | . 35 . Explosive 604 | . . 604 Electromagnetic . | . . . Impact . | . . . Slashing . | . . . Piercing . | . . . Highest Corruption . | . . . Average Corruption . | . . . Corruption Purged . | . . . Corruption Blocked . | . . . Overload Shots . | . . . Overflow Damage 16 | . . 16 Projectiles 3 | . . 3 Explosions 13 | . . 13 Melee . | . . . Knockbacks 1 | . . 1 Impact . | . . . Kinetic 1 | . . 1 Secondary . | . . . Self-Inflicted Damage . | . . . Shots . | . . . Rammed . | . . . Targets Rammed . | . . . Kicked . | . . . Crushed . | . . . Highest Temperature 105 | . 72 105 Average Temperature 38 | . 38 38 Received Heat Transfer 81 | . . 81 Siege Activations . | . . . Martial Activations . | . . . Shielding Activations . | . . . Robots Disrupted . | . . . Combat Hostiles . | . . . Robots Corrupted . | . . . Combat Hostiles . | . . . Parts Fried . | . . . Impact Corruptions . | . . . Robots Melted . | . . . Combat Hostiles . | . . . Parts Melted . | . . . Heat Transferred 75 | . 75 . Parts Sabotaged . | . . . Parts Stolen . | . . . Parts Stripped . | . . . Power Chain Reactions . | . . . Alert | -11 -10 -10 ------- Run | Yrd Mat Min Maximum Alert Level . | . . . Low Security (%) 100 | . 100 100 Level 1 . | . . . Level 2 . | . . . Level 3 . | . . . Level 4 . | . . . Level 5 . | . . . High Security . | . . . Max Security . | . . . Peak Influence 155 | . 52 155 Initial . | . . . Average 47 | . 16 57 Influence Increases 344 | . 62 282 Destroy 0b10 Robot/C 180 | . 40 140 Destroy 0b10 Robot/NC 5 | . . 5 Destroy Leader 40 | . 10 30 Allied During Kill 54 | . 12 42 Destroy Structure 50 | . . 50 Lose Combat Pursuer 15 | . . 15 Influence Decreases 279 | . 62 217 Time Decay 259 | . 62 197 Lost Part 20 | . . 20 Squads Dispatched . | . . . Investigation . | . . . Extermination . | . . . Reinforcement . | . . . Assault . | . . . Garrison . | . . . Intercept . | . . . Searches Triggered . | . . . Construction Impeded . | . . . Haulers Reinforced . | . . . Active Scanning Responses . | . . . Cargo Convoy Interrupts . | . . . Stealth | -11 -10 -10 --------- Run | Yrd Mat Min Distress Signals . | . . . Communications Jammed . | . . . Distress Signals . | . . . Times Spotted 24 | . 3 21 Peak Tracking Total 8 | . 2 8 Tactical Retreats 2 | . . 2 Traps | -11 -10 -10 ------- Run | Yrd Mat Min Traps Triggered . | . . . Indirectly . | . . . Trap Hack Attempts . | . . . Triggered . | . . . Disarmed . | . . . Reprogrammed . | . . . Reused . | . . . Traps Extracted . | . . . Installed . | . . . Triggered . | . . . Machines | -11 -10 -10 ---------- Run | Yrd Mat Min Machines Disabled . | . . . Max in Single Turn . | . . . Machines Repaired . | . . . Machines Dismantled . | . . . Machines Sabotaged . | . . . Overloaded Fab Kills . | . . . Hacking | -11 -10 -10 --------- Run | Yrd Mat Min Machines Accessed . | . . . Terminals . | . . . Fabricators . | . . . Repair Stations . | . . . Recycling Units . | . . . Scanalyzers . | . . . Garrison Access . | . . . Total Hacks . | . . . Successful . | . . . Failed . | . . . Catastrophic . | . . . Database Lockouts . | . . . Manual . | . . . Terminals . | . . . Fabricators . | . . . Repair Stations . | . . . Recycling Units . | . . . Scanalyzers . | . . . Garrison Access . | . . . Terminal Hacks . | . . . Fabricator Hacks . | . . . Repair Station Hacks . | . . . Recycling Unit Hacks . | . . . Scanalyzer . | . . . Garrison Access Hacks . | . . . Unauthorized Hacks . | . . . Terminals . | . . . Fabricators . | . . . Repair Stations . | . . . Recycling Units . | . . . Scanalyzers . | . . . Garrison Access . | . . . Data Cores Recovered . | . . . Used . | . . . Hacking Detections . | . . . Full Trace Events . | . . . Feedback Events . | . . . Feedback Blocked . | . . . Robot Schematics Acquired . | . . . Robots Built . | . . . Authchips . | . . . Time . | . . . Total Robot Build Rating . | . . . Part Schematics Acquired . | . . . Parts Built . | . . . Authchips . | . . . Time . | . . . Total Part Build Rating . | . . . Parts Repaired . | . . . Time . | . . . Parts Recycled . | . . . Recycled Matter . | . . . Retrieved Matter . | . . . Retrieved Components . | . . . Parts Scanalyzed . | . . . Part Schematics Acquired . | . . . Parts Damaged . | . . . Bothacking | -11 -10 -10 ------------ Run | Yrd Mat Min Used RIF Installer . | . . . Robots Hacked . | . . . Non-combat . | . . . Combat . | . . . Robot Hacks Applied . | . . . Relay Couplers Released . | . . . Fabnet Peak Effective % . | . . . Robots Rewired . | . . . Allies Hacked . | . . . Hacks Repelled . | . . . Allies | -11 -10 -10 -------- Run | Yrd Mat Min Total Allies 1 | . 1 . Largest Group 1 | . 1 1 Highest-Rated Group 63 | . 61 63 Highest-Rated Ally 63 | . 61 63 Total Orders . | . . . Ally Attacks 20 | . . 20 Total Damage 267 | . . 267 Kills 4 | . . 4 Allies Corrupted . | . . . Allies Melted . | . . . Intel | -11 -10 -10 ------- Run | Yrd Mat Min Active Infowar (turns) . | . . . Robot Analysis Total . | . . . Derelict Logs Recovered 1 | . . 1 Drone Launches . | . . . Drone Recoveries . | . . . Exploration | -11 -10 -10 ------------- Run | Yrd Mat Min Turns Passed 818 | . 206 612 Spaces Moved 407 | 1 125 281 Core . | . . . Treads 18 | . . 18 Legs 389 | 1 125 263 Wheels . | . . . Hover . | . . . Flight . | . . . Fastest Speed 120 | 120 120 160 Average Speed 175 | 120 148 188 Slowest Speed 190 | 120 190 190 Overloaded Moves . | . . . Propulsion Burnouts . | . . . Robots Hopped . | . . . Potential Cave-ins . | . . . Cave-ins Triggered . | . . . Exploration Rate (%) 30 | 2 27 61 Regions Visited 2 Branch Regions 1 Pre-discovered Areas . | . . . Known Exits Taken . | . . . Unknown Exits Taken 2 | 1 1 . Scrap Searched . | . . . Spaces Dug 11 | . . 11 Terrain Destroyed 84 | . . 84 Melee . | . . . Projectile 2 | . . 2 AOE 82 | . . 82 Terrain Rammed . | . . . Walls Destroyed . | . . . Machines Disabled . | . . . Actions | -11 -10 -10 --------- Run | Yrd Mat Min Total 466 | . 139 327 Wait 11 | . . 11 Move 405 | . 124 281 Hop . | . . . Pick Up 4 | . 4 . Fast Attach 3 | . 3 . Attach 2 | . . 2 Detach . | . . . Swap 5 | . . 5 Drop 7 | . 4 3 Fire 29 | . 4 25 Melee . | . . . Ram . | . . . Kick . | . . . Crush . | . . . Escape Stasis . | . . . Rewire . | . . . Trap . | . . . Miscellaneous . | . . . Route ------- -11/Scrapyard -10/Materials -10/Mines (discovered 1 exit: [*Mat]) History --------- Turn | Location | Event 1 | -11/Scrapyard | Discovered new exit (range 0) 1 | -11/Scrapyard | Entered Materials 2 | -10/Materials | Met a group of wandering Federalists 173 | -10/Materials | Discovered new exit (range 8) 207 | -10/Materials | Entered Mines 212 | -10/Mines | Met a Derelict bent on vengeance 306 | -10/Mines | Build established: Mutant 321 | -10/Mines | Learned Materials emergency access door positions 742 | -10/Mines | Assembled infested the area 745 | -10/Mines | Discovered new exit (range 13) 756 | -10/Mines | Core integrity fell below 50% 799 | -10/Mines | Core integrity fell below 20% 819 | -10/Mines | Core destroyed Last Messages --------------- 00780_ Acquired 14 matter. 00782_ The unstable cave ceiling collapses. 00788_ Acquired 50 matter. 00791_ as-84388 destroyed. 00792_ The unstable cave ceiling collapses. 00794_ as-41581 destroyed. 00796_ The unstable cave ceiling collapses. 00798_ as-26114 destroyed. 00802_ Destroyed Imp. Treads. 00803_ The unstable cave ceiling collapses. 00804_ as-74960 destroyed. 00804_ Player 2 attaches Imp. Treads. 00805_ The unstable cave ceiling collapses. 00808_ as-08135 destroyed. 00810_ as-53286 destroyed. Player 2: "Consider yourself cored." 00815_ as-53285 destroyed. 00818_ The unstable cave ceiling collapses. 00818_ as-41756 destroyed. 00818_ as-90310 destroyed. Map ----- +----------------------------------------------------+ | ???????????????## ###????????????????# #? | | ????????????????###???????????????????# = #####? | | ?????????????????????????????????????## ##????? | | ?????????????????????????????????????## ##????? | | ?????????????????????????????????????# ##???? | | ?????????????????????????????????????## #???? | | ???????????????????#?????????????????### ###???? | | ??????????????????## ?????????????????# # # ##??? | | ?????????????????## ?????????????????# # # #?## | | ?????????????????# ????????????????# # # ##?# | | ?????????????????# #?#######???????# # # #??# | | ?????????????????# ## ##?######## ###### | | ??????????????????# ## ####### ## | | ???????????????????# # ## ### ## | | ????????????????????# # ## ##########%## | | ????????????????????# =* #????### | | ???????????????????## # #####???## # | | ???????????????????# # #??????## ###### | | ???????????????????# ##??????# #????? | | ????????????????##?# # ##?????# #????? | | ???????????????## ## # ##????# ##???? | | ????????????# ## # ####?## ##??? | | ???????????a# ## ##?# #??? | | ?????????? aa % < #### #?? | | ?????????? % @ #?# #? | | ?????????? % $@ #?# #? | | ?????????? # ##?# #? | | ?????????????# #####??## ##? | | ?????????????## ## ##????????# ##?? | | ??????????????### ##???### # ##??????????###??? | | ?????????????????????????########????????????????? | | ?????????????????????????????????????????????????? | | | | | | | | | | | | | | | | | | | | | | | | | | | | | | | | | | | | | +----------------------------------------------------+ Best States ------------- Heat Dissipation 25 Energy Generation 10 Energy Capacity 125 Matter Stores 300 Matter Capacity 300 Sight Range 16 Terrain Scan Density 10 Armor Coverage 150 Evasion (%) 55 Recoil Reduction 2 Item Schematics ----------------- None Robot Schematics ------------------ None Fabricated ------------ Nothing Repaired ---------- Nothing Alien Tech Used ----------------- None Achievements -------------- None Challenges ------------ None Player 2 | -11 -10 -10 ---------- Run | Yrd Mat Min Slots Evolved . | . . . Power . | . . . Propulsion . | . . . Utility . | . . . Weapon . | . . . Parts Attached 11 | . 9 2 Parts Lost 1 | . . 1 Damage Taken 793 | . . 793 Core 162 | . . 162 Player 2/Cogmind (%) 64 | . . 71 Absorbed by Shields . | . . . Damage Inflicted 267 | . . 267 Player 2/Cogmind (%) 23 | . . 23 Combat Hostiles Destroyed 4 | . . 4 Player 2/Cogmind (%) 22 | . . 25 Game ------ Seed BombCorruptionThermoblaster Manual? 0 Play Time 00:09:24 Cumulative 433.4 hours Start 2025.08.10 @ 18:07:42 End 2025.08.10 @ 18:13:23 Sessions 1 Manual Loads 0 Difficulty Rogue Special Mode AFD2020/Player2 Game No. 248 Rogue 248 Adventurer 0 Explorer 0 Win Type - Total 11 Types 10/0/1/0/0/0/0/0/0/0 Lore% 71 Gallery% 66 Achievement% 53 Wizard Run 0 Options --------- Layout 1 ASCII 0 Keyboard 0 Movement Numpad Keybinds 0 Fullscreen 1 Font 24/Smallcaps Map View 50x35 Zoom Use 0% Tactical HUD 1 Map Filters NONE Filters NONE Steam 1 RUN: 5efedd63-407d-400c-a87c-9b4082b9f71a